 Dungeon Crawl Stone Soup version 0.24-a0-586-g8e0e932a4c (webtiles) character file.

Game seed: 12151156230474003120, levelgen mode: deterministic

58 Mithandil the Conjurer (level 4, -6/24 HPs)
             Began as a Tengu Conjurer on Sept 8, 2019.
             Mangled by a gnoll
             ... wielding a +0 spear
              (7 damage)
             ... on level 2 of the Dungeon.
             The game lasted 00:07:00 (1383 turns).

Mithandil the Conjurer (Tengu Conjurer)             Turns: 1383, Time: 00:07:01

Health: -6/24      AC:  2    Str:  9    XL:     4   Next: 1%
Magic:  1/9        EV: 13    Int: 16    God:
Gold:   63         SH:  0    Dex: 14    Spells: 5/8 levels left

rFire    + + .     SeeInvis .   b - +1 short sword (holy)
rCold    . . .     Gourm    .   (no shield)
rNeg     . . .     Faith    .   d - +0 robe
rPois    .         Spirit   .   (helmet restricted)
rElec    .         Reflect  .   (no cloak)
rCorr    .         Harm     .   (no gloves)
MR       .....                  (boots unavailable)
Stlth    ++........             (no amulet)
HPRegen  0.08/turn              g - ring of protection from fire
MPRegen  0.11/turn              (no ring)

@: no status effects
A: beak, talons 3, blurry vision 1, fire resistance 1
a: no special abilities


You were on level 2 of the Dungeon.
You were very hungry.

You visited 1 branch of the dungeon, and saw 2 of its levels.

You collected 63 gold pieces.

Inventory:

Hand Weapons
 a - a +0 dagger
 b - a +1 short sword of holy wrath (weapon)
Missiles
 e - 30 stones (quivered)
 j - 18 sling bullets
Armour
 d - a +0 robe (worn)
Jewellery
 g - a ring of protection from fire (left hand)
Scrolls
 h - 2 scrolls of teleportation {unknown}
 i - a scroll of amnesia {unknown}
 k - a scroll of fear {unknown}
Potions
 f - a potion of agility
Comestibles
 c - 3 rations


   Skills:
 + Level 0.9 Fighting
 + Level 2.5 Dodging
 + Level 2.5 Stealth
 * Level 2.6 Spellcasting
 * Level 5.9 Conjurations


You had 5 spell levels left.
You knew the following spells:

 Your Spells              Type           Power        Failure   Level  Hunger
a - Magic Dart            Conj           ###.         1%          1    #......
b - Searing Ray           Conj           ###...       2%          2    ##.....

Your spell library contained the following spells:

 Spells                   Type           Power        Failure   Level  Hunger
 Dazzling Spray           Conj/Hex       ##....       17%         3    ###....
 Iskenderun's Mystic Bla  Conj           ###.....     17%         4    #####..
 Force Lance              Conj/Tloc      ##......     50%         4    #####..
 Fulminant Prism          Conj/Hex       ##........   50%         4    #####..


Dungeon Overview and Level Annotations

Branches:
Dungeon (2/15)

Altars:


Innate Abilities, Weirdness & Mutations

You have a beak for a mouth.
You have claws for feet.
Scrolls take you a little longer to read.
Your flesh is heat resistant. (rF+)


Message History

* * * LOW HITPOINT WARNING * * *
Casting: Magic Dart (safe; 1% risk of failure)
Confirm with . or Enter, or press ? or * to list all spells.
Aiming: Magic Dart (safe; 1% risk of failure)
Press: ? - help, Shift-Dir - straight line, f/p - gnoll
Aim: a gnoll, wielding a +0 spear (moderately wounded)
The magic dart hits the gnoll but does no damage.
The gnoll is moderately wounded.
The kobold closely misses you. The gnoll barely misses you.
Casting: Magic Dart (safe; 1% risk of failure)
Confirm with . or Enter, or press ? or * to list all spells.
Aiming: Magic Dart (safe; 1% risk of failure)
Press: ? - help, Shift-Dir - straight line, f/p - gnoll
Aim: a gnoll, wielding a +0 spear (moderately wounded)
The magic dart hits the gnoll but does no damage.
The gnoll is moderately wounded.
The gnoll closely misses you. The kobold hits you but does no damage.
The gnoll barely misses you.
The gnoll hits you from afar with a +0 spear!
You die...

... .# ..
...
###.##..#
##...#..#
#.......
..####.gg..
........K#
#.@# #..(##
#.## # #
########.#
#........#
#........##
#.<........
#.รท......##


You could see 2 gnolls and a kobold.

Vanquished Creatures
  A gnoll (D:1)
  An adder (D:2)
  An ooze (D:1)
  A dart slug (D:1)
  A leopard gecko (D:1)
  2 giant cockroaches (D:1)
  3 goblins (D:1)
  2 hobgoblins (D:1)
  4 jackals (D:1)
  3 kobolds (D:1)
  A ball python (D:1)
  3 bats (D:1)
  2 frilled lizards (D:1)
  8 rats
33 creatures vanquished.

Notes
Turn   | Place    | Note
-------+----------+-------------------------------------------
     0 | D:1      | Mithandil the Tengu Conjurer began the quest for the Orb.
     0 | D:1      | Reached XP level 1. HP: 10/10 MP: 4/4
   236 | D:1      | Reached XP level 2. HP: 15/15 MP: 0/6
   240 | D:1      | Learned a level 2 spell: Searing Ray
   669 | D:2      | Reached XP level 3. HP: 14/20 MP: 1/7
   738 | D:1      | Gained mutation: Scrolls take you a little longer to read.
                  | [potion of mutation]
   738 | D:1      | Gained mutation: Your flesh is heat resistant. (rF+)
                  | [potion of mutation]
  1225 | D:1      | Reached XP level 4. HP: 12/24 MP: 2/9
  1380 | D:2      | HP: 1/24 [gnoll/+0 spear (11)]
  1383 | D:2      | Mangled by a gnoll

Levels and vault maps discovered:
D:1:      roderic_octagonal_star, layout_loops_corners, minmay_worlds_worst_comb
D:2:      layout_rooms, serial_forest, infiniplex_forest_zigzag_1,
          infiniplex_forest_lined_room_, infiniplex_forest_clump_small,
          infiniplex_forest_clump_diagonal, infiniplex_forest_lined_corner,
          infiniplex_forest_clump_curved, infiniplex_forest_lined_room_,
          infiniplex_forest_clump_double

Action                   |  1- 3 |  4- 6 || total
-------------------------+-------+-------++-------
Melee: Unarmed           |     7 |       ||     7
       Peck              |     8 |       ||     8
       Kick              |     2 |       ||     2
       Dagger            |    14 |       ||    14
       Short sword       |     3 |       ||     3
 Cast: Magic Dart        |    54 |     3 ||    57
       Searing Ray       |     1 |     1 ||     2
  Use: Potion            |     2 |       ||     2
  Eat: Chunk             |     1 |       ||     1
Armor: Robe              |     2 |     1 ||     3
Dodge: Dodged            |    19 |     6 ||    25

Table legend:
 A = Non-vault XP
 B = Vault XP
 C = Vault XP percentage of total XP
 D = Non-vault monster count
 E = Vault monster count
 F = Vault count percentage of total count
                 A         B        C        D         E       F
            +---------+---------+-------+---------+---------+-------
      Total |      79 |       4 |   4.8 |      31 |       2 |   6.1
            +---------+---------+-------+---------+---------+-------
        D:1 |      64 |       4 |   5.9 |      29 |       2 |   6.5
        D:2 |      15 |       0 |   0.0 |       2 |       0 |   0.0
            +---------+---------+-------+---------+---------+-------
